 Dungeon Crawl Stone Soup version 0.32-a0-43-g058985b245 (webtiles) character file.

Game seed: 2313843242332195654

1246 timneilson the Ruffian (level 8, 0/54 HPs)
             Began as an Octopode Shapeshifter on Feb 4, 2024.
             Slain by a hound (5 damage)
             ... on level 5 of the Dungeon.
             The game lasted 00:09:00 (4191 turns).

timneilson the Ruffian (Octopode Shapeshifter)      Turns: 4191, Time: 00:09:01

Health: 0/54       AC:  1    Str: 16    XL:     8   Next: 50%
Magic:  8/8        EV: 14    Int: 12    God:
Gold:   166        SH:  0    Dex: 11    Spells: 7/7 levels left

rFire   x .          .
                       - Unarmed
rCold   + . .        (no shield)
rNeg    . . .        (helmet currently unavailable)
rPois   .            i - amulet of regeneration
rElec   .            k - ring of ice
rCorr   .            (no ring)
SInv    .            (no ring)
Will    .....        (no ring)
Stlth   ++++         (no ring)
HPRegen 1.09/turn    (no ring)
MPRegen 0.11/turn    (no ring)
                     (no ring)

%: no passive effects
@: beast-form, marked, weakened
A: beast (slay +2), almost no armour, amphibious, 8 rings, camouflage 1,
gelatinous body 1, (nimble swimmer 1), tentacles
a: Begin Untransformation


You were on level 5 of the Dungeon.
You were a hulking beast.
You visited 1 branch of the dungeon, and saw 5 of its levels.
You also visited: Sewer.

You collected 166 gold pieces.

Inventory:

Missiles
 p - a curare-tipped dart (quivered)
Jewellery
 i - an amulet of regeneration (around mantle)
 k - a ring of ice (left tentacle)
Talismans
 b - a beast talisman
 c - a flux talisman
Scrolls
 f - 4 scrolls of teleportation
 j - a scroll of butterflies
 q - a scroll of immolation
Potions
 a - a potion of lignification
 d - 2 potions of attraction
 e - 2 potions of invisibility {unknown}
 g - a potion of brilliance {unknown}
 h - 2 potions of curing
 l - 3 potions of haste
 m - 3 potions of heal wounds {unknown}
 n - a potion of cancellation {unknown}
 o - 3 potions of might {unknown}
 r - a potion of magic {unknown}


   Skills:
 * Level 4.7 Fighting
 * Level 4.9 Dodging
 + Level 4.6 Stealth
 * Level 5.5 Unarmed Combat
 * Level 5.1 Shapeshifting


You had 7 spell levels left.
You didn't know any spells.
Your spell library contained the following spells:

 Spells                   Type           Power      Damage    Failure   Level
 Apportation              Tloc           0%         N/A       32%         1
 Foxfire                  Conj/Fire      0%         2x1d4     32%         1
 Necrotise                Necr           0%         1d4       32%         1
 Sandblast                Erth           0%         2d4       32%         1
 Shock                    Conj/Air       0%         1d3       32%         1
 Sting                    Conj/Alch      0%         1d3       32%         1
 Summon Small Mammal      Summ           0%         N/A       32%         1
 Ensorcelled Hibernation  Hex/Ice        0%         N/A       45%         2
 Passwall                 Erth           0%         N/A       69%         3
 Stone Arrow              Conj/Erth      0%         3d7       69%         3
 Swiftness                Air            0%         N/A       69%         3
 Vampiric Draining        Necr           0%         2d6       69%         3
 Brom's Barrelling Bould  Conj/Erth      0%         2d3       97%         4
 Martyr's Knell           Necr/Summ      0%         N/A       97%         4
 Arcjolt                  Conj/Air       0%         1d10      100%        5
 Curse of Agony           Necr           0%         N/A       100%        5
 Ozocubu's Refrigeration  Ice            0%         4d7       100%        7


Dungeon Overview and Level Annotations

Branches:
Dungeon (5/15)              Sewer (visited)
 Temple: D:4-7

Altars:
The Shining One


Innate Abilities, Weirdness & Mutations

You are a hulking beast.
Your limbs bulge with bestial killing power. (Slay +2)
You cannot wear most types of armour.
You are amphibious.
You can wear up to eight rings at the same time.
Your skin changes colour to match your surroundings (Stealth+).
Your rubbery body absorbs attacks. (AC +1, EV +1)
((You are camouflaged when in or above water. (Stealth+)))
You have tentacles for arms and can constrict up to eight enemies at once.


Message History

The ice beast is heavily wounded.
The ice beast closely misses you.
You tentacle-slap the ice beast. You squeeze the ice beast.
The ice beast is severely wounded.
The ice beast hits you. The ice beast freezes you. You resist.
* * * LOW HITPOINT WARNING * * *
The gnoll bouda gazes fiercely through you!
You feel your attacks grow feeble.
You barely miss the ice beast. Your squeeze misses the ice beast.
The ice beast is severely wounded.
The ice beast hits you.
* * * LOW HITPOINT WARNING * * *
The ice beast freezes you. You resist.
* * * LOW HITPOINT WARNING * * *
You barely miss the ice beast.
Your tentacle-slap misses the ice beast.
You squeeze the ice beast.
The ice beast is almost dead.
The hound pauses to sniff the ground.
The ice beast hits you.
* * * LOW HITPOINT WARNING * * *
The ice beast freezes you. You resist.
* * * LOW HITPOINT WARNING * * *
You barely miss the ice beast. Your squeeze misses the ice beast.
The ice beast is almost dead.
The ice beast barely misses you.
You closely miss the ice beast. Your squeeze misses the ice beast.
The ice beast is almost dead.
You bludgeon the ice beast!
You kill the ice beast!
Your attacks no longer feel as feeble.
You barely miss the hound. Your grab misses the hound. The hound bites you.
* * * LOW HITPOINT WARNING * * *
The gnoll bouda gazes fiercely through you!
You feel your attacks grow feeble.
You tentacle-slap the hound. You grab the hound.
The hound is moderately wounded.
You constrict the hound, but do no damage.
The hound bites you.
You die...

...# ##.## ...#
#..# ...# ##.##
...# #..# .
##.## #..#
##.## # ##.# ..
#h## ##... ##h#
##.....
#5####.......
#gg##.l......
#ggS...!.....
#.g...........
#..o###..#.....
#...## #..#
##.. #...# ##.#
#


You could see a gnoll bouda, a hound, 4 gnolls, an adder, a white imp and an
orc.

Vanquished Creatures
  A black bear (D:5)
  An ice beast (D:5)
  2 brain worms (Sewer)
  A kobold brigand (Sewer)
  A scorpion (D:5)
  5 wights (D:5)
  2 hounds
  3 orc priests (D:5)
  An iguana (D:5)
  An orc wizard (D:5)
  Natasha (D:2)
  Robin (D:4)
  3 gnolls (D:5)
  13 adders
  6 river rats
  A ribbon worm (D:4)
  3 dart slugs
  5 orcs
  11 ball pythons
  11 endoplasms
  2 giant cockroaches
  18 goblins
  7 hobgoblins
  9 jackals
  6 bats
  5 frilled lizards
  3 kobolds
  9 rats
132 creatures vanquished.

Notes
Turn   | Place    | Note
-------+----------+-------------------------------------------
     0 | D:1      | timneilson the Octopode Shapeshifter began the quest for
                  | the Orb.
     0 | D:1      | Reached XP level 1. HP: 13/13 MP: 1/1
   110 | D:1      | Reached XP level 2. HP: 15/18 MP: 2/2
   417 | D:1      | Reached skill level 1 in Stealth
   425 | D:1      | Reached XP level 3. HP: 7/23 MP: 3/3
  1378 | D:2      | Identified the +2 chain mail of the Original Sin {^Contam
                  | rCorr Int-5 Slay+4}
  1454 | D:2      | Reached XP level 4. HP: 24/29 MP: 4/4
  1542 | D:2      | Noticed Natasha
  1547 | D:2      | Killed Natasha
  1961 | D:3      | Got the Incunable of Trauma and Glaciation
  2186 | D:3      | Reached XP level 5. HP: 35/35 MP: 5/5
  2250 | D:3      | Found a glowing golden altar of the Shining One.
  2705 | D:4      | Noticed Robin
  2734 | D:4      | Killed Robin
  2976 | D:4      | Reached XP level 6. HP: 33/41 MP: 6/6
  2995 | D:4      | Found a glowing drain.
  3007 | Sewer    | Entered a sewer
  3270 | Sewer    | Reached XP level 7. HP: 46/46 MP: 7/7
  3793 | D:5      | Entered Level 5 of the Dungeon
  3972 | D:5      | Reached skill level 5 in Unarmed Combat
  4012 | D:5      | Reached XP level 8. HP: 48/54 MP: 8/8
  4170 | D:5      | Reached skill level 5 in Shapeshifting
  4176 | D:5      | HP: 1/54 [white imp/puff of frost (7)]
  4191 | D:5      | Slain by a hound

Illustrated notes

Levels and vault maps discovered:
D:1:      lightli_arrival_lavapool, layout_basic, minmay_vboxes
D:2:      layout_basic, uniq_natasha
D:3:      layout_loops_ring, nicolae_tso_swordbearing_angel,
          minmay_strange_pillars, minivault_19
D:4:      layout_loops_cross, portal_sewer_entry_e, uniq_robin
D:5:      layout_cave_pods

Skill      XL: |  1  2  3  4  5  6  7  8 |
---------------+-------------------------+-----
Stealth        | 1 2 3 4 |  4.6
Fighting       | 2 3 4 |  4.7
Dodging        | 3 4 |  4.9
Unarmed Combat | 4 5 |  5.5
Shapeshifting  | 4 5 |  5.1

Action                     |  1- 3 |  4- 6 |  7- 9 || total
---------------------------+-------+-------+-------++-------
  Melee: Unarmed           |    85 |   141 |   102 ||   328
         Constrict         |    19 |    34 |    24 ||    77
         Tentacles         |    13 |    33 |    30 ||    76
         Punch             |       |     8 |     6 ||    14
  Throw: Dart              |       |       |     1 ||     1
    Use: Scroll            |     4 |     4 |     4 ||    12
         Potion            |       |       |     2 ||     2
   Stab: Sleeping          |     9 |     8 |     4 ||    21
 Armour: Skin              |    28 |    52 |    50 ||   130
  Dodge: Dodged            |    41 |    54 |    53 ||   148

Table legend: (Time is in decaauts)
 A = Elapsed time spent in this place.
 B = Non-inter-level travel time spent in this place.
 C = Inter-level travel time spent in this place.
 D = Time resting spent in this place.
 E = Time spent auto-exploring this place.
 F = Levels seen in this place.
 G = Mean time per level.
                   A        B        C        D        E       F      G
               +--------+--------+--------+--------+--------+-----+--------+
         Total |   4164 |   4086 |     78 |    226 |   2608 |   6 |  694.0 |
       Dungeon |   3693 |   3615 |     78 |    217 |   2414 |   5 |  738.6 |
         Sewer |    471 |    471 |      0 |      9 |    194 |   1 |  471.0 |
               +--------+--------+--------+--------+--------+-----+--------+

Top non-repeatable levels by time:
     D:1: 1054 daAuts
     D:2: 895 daAuts
     D:4: 707 daAuts
     D:3: 646 daAuts
   Sewer: 471 daAuts
     D:5: 390 daAuts
